 Dungeon Crawl Stone Soup version 0.30.0-29-ga12c61a403 (webtiles) character file.

Game seed: 16554550172169159637

129 safid the Chiller (level 5, -1/39 HPs)
             Began as a Merfolk Ice Elementalist on June 6, 2023.
             Killed by nerve-wracking pain
             ... invoked by an orc priest
              (9 damage)
             ... on level 3 of the Dungeon.
             The game lasted 00:04:44 (2150 turns).

safid the Chiller (Merfolk Ice Elementalist)        Turns: 2150, Time: 00:04:45

Health: -1/39      AC:  8    Str:  8    XL:     5   Next: 12%
Magic:  3/9        EV: 12    Int: 16    God:
Gold:   104        SH:  0    Dex: 15    Spells: 3/10 levels left

rFire   . . .        d - +0 mace
rCold   . . .        (no shield)
rNeg    . . .        a - +0 robe
rPois   .            (no helmet)
rElec   .            (no cloak)
rCorr   .            (no gloves)
SInv    .            (no boots)
Will    .....        (no amulet)
Stlth   ++           (no ring)
HPRegen 0.26/turn    (no ring)
MPRegen 0.11/turn

%: no passive effects
@: ice-armoured
A: (nimble swimmer 2), mertail
a: no special abilities


You were on level 3 of the Dungeon.
You visited 1 branch of the dungeon, and saw 3 of its levels.

You collected 104 gold pieces.

Inventory:

Hand Weapons
 d - a +0 mace (weapon)
Armour
 a - a +0 robe (worn)
Jewellery
 c - a ring of ice
Scrolls
 g - 2 scrolls of identify {unknown}
 j - 3 scrolls of vulnerability {unknown}
 k - a scroll of enchant weapon {unknown}
 m - a scroll of poison {unknown}
 n - a scroll of immolation {unknown}
Potions
 b - a potion of magic
 e - a potion of resistance {unknown}
 f - 2 potions of curing {unknown}
 h - a potion of brilliance {unknown}
 i - a potion of haste {unknown}
 l - a potion of might {unknown}
 o - a potion of attraction {unknown}


   Skills:
 + Level 2.6 Fighting
 - Level 2.6 Dodging
 - Level 2.1 Stealth
 + Level 3.1 Spellcasting
 + Level 5.3 Ice Magic


You had 3 spell levels left.
You knew the following spells:

 Your Spells              Type           Power      Damage    Failure   Level
a - Freeze                Ice            76%        1d8       1%          1
b - Frozen Ramparts       Ice            38%        1d6       6%          3
c - Ozocubu's Armour      Ice            19%        N/A       6%          3

Your spell library contained the following spells:

 Spells                   Type           Power      Damage    Failure   Level
 Sandblast                Erth           4%         2d4       19%         1
 Passwall                 Tmut/Erth      1%         N/A       28%         2
 Stone Arrow              Conj/Erth      4%         3d7       50%         3
 Summon Ice Beast         Ice/Summ       11%        N/A       52%         4


Dungeon Overview and Level Annotations

Branches:
Dungeon (3/15)

Altars:

Shops:
D:2 (::((


Innate Abilities, Weirdness & Mutations

((You are very nimble when in or above water. (Stealth+, EV+, Speed+++)))
Your lower body shifts to a powerful aquatic tail in water.


Message History

An orc comes into view.
It is wielding a +0 club and wearing a +0 leather armour of cold resistance.
The orc priest looks encouraged for a moment.
The orc shouts!
You hear an angry hiss.
The wall freezes the orc priest.
The wall freezes the orc but does no damage.
The frozen ramparts melt away.
Casting: Frozen Ramparts (dangerous; 6% risk of failure)
Confirm with . or Enter, or press ? or * to list all spells.
You don't have enough magic to cast this spell.
Unknown command.
You are too injured to fight recklessly!
You are too injured to fight recklessly!
Unknown command.
You hit the orc.
The orc is heavily wounded.
A ball python comes into view.
The orc barely misses you.
The orc priest calls upon Beogh to heal the orc.
The orc's wounds heal themselves!
The orc closely misses you.
The ball python moves out of view.
You barely miss the orc. The orc hits you but does no damage.
Unknown command.
You hit the orc.
The orc is heavily wounded.
The orc completely misses you.
Unknown command.
You hit the orc.
You kill the orc!
The orc priest hits you with a +0 mace.
* * * LOW HITPOINT WARNING * * *
Unknown command.
You hit the orc priest.
The orc priest is heavily wounded.
The orc priest hits you but does no damage.
Unknown command.
You closely miss the orc priest.
The orc priest is heavily wounded.
The orc priest invokes the aid of Beogh against you.
Pain shoots through your body!
You die...

### ... #.. #.#
#.# #.# #@# #o#
#S######
####..)...##. .
#.<..........
....#...........(
.................
#................
....#.............


You could see an orc priest and a ball python.

Vanquished Creatures
  A gnoll (D:1)
  5 adders (D:2)
  3 worms (D:2)
  4 dart slugs
  2 orcs (D:3)
  2 bats
  3 endoplasms (D:1)
  5 giant cockroaches
  6 goblins
  4 hobgoblins
  3 kobolds
  3 quokkas
  6 ball pythons
  5 frilled lizards
  4 rats
56 creatures vanquished.

Notes
Turn   | Place    | Note
-------+----------+-------------------------------------------
     0 | D:1      | safid the Merfolk Ice Elementalist began the quest for the
                  | Orb.
     0 | D:1      | Reached XP level 1. HP: 13/13 MP: 3/3
   142 | D:1      | Reached XP level 2. HP: 20/20 MP: 5/5
   226 | D:1      | Reached skill level 1 in Fighting
   492 | D:1      | Reached XP level 3. HP: 25/26 MP: 4/6
  1244 | D:2      | Learned a level 3 spell: Frozen Ramparts
  1248 | D:2      | Learned a level 3 spell: Ozocubu's Armour
  1349 | D:2      | Found Kiohox's Antique Weapon Boutique.
  1440 | D:2      | Reached skill level 5 in Ice Magic
  1443 | D:2      | Reached XP level 4. HP: 28/33 MP: 5/8
  1788 | D:2      | Found Ydiepu Tewa's Book Shop.
  1894 | D:2      | Found Hiap's Antique Weapon Shop.
  1906 | D:2      | Reached XP level 5. HP: 33/39 MP: 4/9
  1978 | D:2      | Found Gaugadgho's Book Emporium.
  2049 | D:2      | Found Funoih's Weapon Boutique.
  2150 | D:3      | Killed from afar by an orc priest

Illustrated notes

Levels and vault maps discovered:
D:1:      heliophobic_arrival_glass_houses, layout_basic, serial_forest,
          infiniplex_forest_lined_2, infiniplex_forest_join,
          infiniplex_forest_straight_1, infiniplex_forest_clump_curved,
          infiniplex_forest_clump_double, infiniplex_forest_end_double,
          infiniplex_forest_straight_2, infiniplex_forest_join,
          infiniplex_forest_end_2
D:2:      minmay_spotlight, layout_rooms, serial_shops, shop_fountains, shop,
          shop, nicolae_shop_crystal, nicolae_shop_behind_doors, minivault_11
D:3:      layout_rooms, dk_yredelemnul_ordeal, general_overflow_altar,
          grunt_qazlal_clouds, hangedman_decor_push, minmay_door_square

Skill      XL: |  1  2  3  4 |
---------------+-------------+-----
Fighting       | 1 2 |  2.6
Ice Magic      | 5 |  5.3
Spellcasting   | 3 |  3.1
Dodging        | |  2.6
Stealth        | |  2.1

Action                     |  1- 3 |  4- 6 || total
---------------------------+-------+-------++-------
  Melee: Mace              |    72 |    35 ||   107
   Cast: Freeze            |    33 |    12 ||    45
         Frozen Ramparts   |     1 |     6 ||     7
         Ozocubu's Armour  |       |     1 ||     1
   Stab: Sleeping          |     3 |     1 ||     4
 Armour: Robe              |    20 |    10 ||    30
  Dodge: Dodged            |    67 |    22 ||    89
